 Dungeon Crawl Stone Soup version 0.31-a0-1068-g5939ac1fb6 (webtiles) character file.

Game seed: 1864371921697465856

4701 wilntdoo the Caller (level 10, -10/81 HPs)
             Began as a Troll Summoner on Nov 23, 2023.
             Was a Priest of Wu Jian.
             Killed from afar by an acid dragon (31 damage)
             ... with a splash of acid
             ... on level 9 of the Dungeon.
             The game lasted 00:16:37 (6721 turns).

wilntdoo the Caller (Troll Summoner)                Turns: 6721, Time: 00:16:38

Health: -10/81     AC: -2    Str: 22    XL:     10   Next: 21%
Magic:  5/12       EV: 10    Int: 14    God:    Wu Jian [***...]
Gold:   388        SH:  0    Dex: 15    Spells: 5/13 levels left

rFire   . .          .
                       - Unarmed
rCold   + + .        (no shield)
rNeg    . . .        a - +0 steam dragon scales
rPois   +            (helmet restricted)
rElec   .            x - +2 cloak {rPois}
rCorr   .            (gloves unavailable)
SInv    .            (boots unavailable)
Will    .....        t - amulet of regeneration
Stlth   ++           r - +6 ring of dexterity
HPRegen 1.93/turn    o - ring of wizardry
MPRegen 0.13/turn

%: wizardry (x1)
@: corroded
A: large, unfitting armour, claws 3, regeneration 1, shaggy fur 1, tough skin 1,
cold resistance 2, strong 1
a: Renounce Religion, Wall Jump, Serpent's Lash


You were on level 9 of the Dungeon.
You worshipped Wu Jian.
Wu Jian was most pleased with you.
You visited 1 branch of the dungeon, and saw 9 of its levels.
You also visited: Ossuary.

You collected 388 gold pieces.

Inventory:

Missiles
 i - 5 boomerangs
 n - 8 poisoned darts
 s - 12 atropa-tipped darts
Armour
 a - +0 steam dragon scales (worn)
 x - a +2 cloak of poison resistance (worn)
Jewellery
 o - a ring of wizardry (right claw)
 r - a +6 ring of dexterity (left claw)
 t - an amulet of regeneration (around neck)
Talismans
 c - a blade talisman
Wands
 h - a wand of polymorph (11)
 k - a wand of mindburst (14)
 z - a wand of paralysis (9)
Scrolls
 e - a scroll of enchant armour
 f - 3 scrolls of fear
 g - a scroll of amnesia {unknown}
 l - 4 scrolls of teleportation
 p - a scroll of enchant weapon {unknown}
 q - a scroll of brand weapon
 u - 2 scrolls of torment {unknown}
 v - 2 scrolls of blinking
 y - 2 scrolls of revelation
 A - 2 scrolls of vulnerability {unknown}
Potions
 b - a potion of magic
 d - 4 potions of heal wounds
 j - a potion of enlightenment {unknown}
 m - 6 potions of curing
 w - a potion of might


   Skills:
 + Level 5.7 Throwing
 - Level 2.0 Dodging
 - Level 1.0 Stealth
 + Level 6.6 Unarmed Combat
 - Level 2.0 Spellcasting
 * Level 7.9 Summonings
 + Level 5.8 Shapeshifting


You had 5 spell levels left.
You knew the following spells:

 Your Spells              Type           Power      Damage    Failure   Level
a - Summon Small Mammal   Summ           92%        N/A       1%          1
b - Summon Lightning Spi  Summ/Air       12%        N/A       19%         4
c - Call Canine Familiar  Summ           23%        N/A       1%          3

Your spell library contained the following spells:

 Spells                   Type           Power      Damage    Failure   Level
 Call Imp                 Summ           46%        N/A       1%          2
 Summon Guardian Golem    Hex/Summ       12%        N/A       6%          3
 Magic Dart               Conj           4%         1d3       10%         1
 Mephitic Cloud           Conj/Pois/Air  1%         N/A       26%         3
 Manifold Assault         Tloc           1%         N/A       65%         4
 Dispersal                Tloc           0%         N/A       100%        6
 Disjunction              Tloc           0%         N/A       100%        8


Dungeon Overview and Level Annotations

Branches:
Dungeon (9/15)             Temple (0/1) D:5         Ossuary (visited)
   Lair: D:8-11         Orc: D:9-12

Altars:
Dithmenos
Makhleb
Okawaru
Qazlal
Ru
Wu Jian
Xom

Shops:
D:8 ?


Innate Abilities, Weirdness & Mutations

You are too large for most types of armour.
You have claws for hands.
Your natural rate of healing is unusually fast.
You are covered in fur. (AC +1)
You have tough skin. (AC +1)
Your flesh is very cold resistant. (rC++)
Your muscles are strong. (Str +4, Int/Dex -1)


Message History

The acid dragon is lightly wounded.
The acid dragon spits acid at you. The splash of acid hits you!
The acid corrodes you!
You scratch the acid dragon but do no damage.
The acid dragon is lightly wounded.
The acid dragon closely misses you.
The acid dragon claws you but does no damage.
Casting: Summon Lightning Spire (dangerous; 19% risk of failure)
Confirm with . or Enter, or press ? or * to list all spells.
The acid dragon closely misses you. x2
Casting: Call Canine Familiar (safe; 1% risk of failure)
Confirm with . or Enter, or press ? or * to list all spells.
An electric hum fills the air.
The acid dragon spits acid at you. The splash of acid misses you.
The splash of acid hits your hound! The acid corrodes your hound!
You spin and attack the acid dragon.
You closely miss the acid dragon.
The acid dragon is lightly wounded.
The acid dragon bites you!
The acid dragon claws you but does no damage.
Your hound closely misses the acid dragon.
You claw the acid dragon!
The acid dragon is moderately wounded.
The acid dragon spits acid at you. The splash of acid hits you!!
* * * LOW HITPOINT WARNING * * *
The acid corrodes you!
Your hound closely misses the acid dragon.
You spin and attack the acid dragon.
You scratch the acid dragon but do no damage.
The acid dragon is moderately wounded.
Your hound bites the acid dragon.
The acid dragon bites you.
* * * LOW HITPOINT WARNING * * *
The acid dragon completely misses you.
You scratch the acid dragon.
The acid dragon is heavily wounded.
Your hound closely misses the acid dragon.
The acid dragon spits acid at you. The splash of acid hits you!!
You die...

.##+###############
.......8...........
........D..........
.......@.h.........
..###......<#.....
#.......# ...
#.......... .
.............
##############


You could see an acid dragon (catching breath, ally target), a friendly
lightning spire (summoned) and a friendly hound (summoned, corroded).

Vanquished Creatures
  Joseph (D:7)
  Maggie (D:8)
  Psyche (D:8)
  Jeremiah (D:8)
  Grinder (D:4)
  Sigmund (D:4)
  A steam dragon (D:8)
  4 water moccasins
  An orc warrior (D:8)
  2 ice beasts
  2 black bears (D:6)
  2 sky beasts
  2 ogres
  2 centaurs (D:7)
  3 phantoms
  4 bullfrogs (D:8)
  3 water moccasin zombies (Ossuary)
  2 wights (D:6)
  3 hounds (D:5)
  2 jellies
  6 orc priests
  4 iguanas
  An orc wizard (D:4)
  2 mummies (Ossuary)
  5 gnolls
  4 adders
  2 shadow imps
  4 white imps
  2 ufetubi (D:6)
  3 adder zombies (Ossuary)
  A worm (D:2)
  2 dart slugs
  19 orcs
  2 bats
  8 endoplasms
  5 giant cockroaches
  2 gnoll zombies (Ossuary)
  4 goblins
  15 hobgoblins
  14 jackals
  3 quokkas (D:1)
  8 ball pythons
  2 frilled lizards (D:1)
  7 hobgoblin zombies (Ossuary)
  12 kobolds
  3 kobold zombies (Ossuary)
  3 orc zombies (Ossuary)
  7 rats
189 creatures vanquished.

Vanquished Creatures (collateral kills)
  A scorpion (D:6)
  A wight (D:6)
  A sleepcap (D:5)
  An orc wizard (D:3)
  4 orcs
8 creatures vanquished.

Grand Total: 197 creatures vanquished

Notes
Turn   | Place    | Note
-------+----------+-------------------------------------------
     0 | D:1      | wilntdoo the Troll Summoner began the quest for the Orb.
     0 | D:1      | Reached XP level 1. HP: 16/16 MP: 1/1
    86 | D:1      | Reached skill level 3 in Summonings
   115 | D:1      | Reached XP level 2. HP: 24/24 MP: 3/3
   227 | D:1      | Reached XP level 3. HP: 28/31 MP: 3/5
   695 | D:2      | Reached skill level 1 in Unarmed Combat
  1117 | D:2      | Reached XP level 4. HP: 38/39 MP: 4/6
  1568 | D:3      | Learned a level 3 spell: Call Canine Familiar
  1577 | D:4      | Noticed Sigmund
  1596 | D:4      | Killed Sigmund
  1597 | D:4      | Reached skill level 1 in Throwing
  1597 | D:4      | Reached skill level 1 in Shapeshifting
  1597 | D:4      | Reached XP level 5. HP: 45/45 MP: 7/7
  1661 | D:4      | Noticed a phantom
  1690 | D:4      | Killed a phantom
  1691 | D:4      | Reached skill level 4 in Summonings
  1691 | D:4      | Reached XP level 6. HP: 53/53 MP: 1/8
  1999 | D:4      | Found an ornate altar of the Wu Jian Council.
  2000 | D:4      | Found a shimmering altar of Xom.
  2030 | D:4      | Became a worshipper of the Wu Jian Council
  2367 | D:4      | Noticed Grinder
  2418 | D:4      | Killed Grinder
  2419 | D:4      | Reached XP level 7. HP: 47/59 MP: 1/9
  2555 | D:5      | Entered Level 5 of the Dungeon
  2651 | D:5      | Found a staircase to the Ecumenical Temple.
  2901 | D:5      | Found a shadowy altar of Dithmenos.
  3052 | D:5      | Reached skill level 5 in Summonings
  3079 | D:5      | Found an iron altar of Okawaru.
  3802 | D:6      | Found a sacrificial altar of Ru.
  3804 | D:6      | HP: 2/53 [wight/+0 scimitar (6)]
  3804 | D:6      | Reached * piety under Wu Jian
  3805 | D:6      | Reached XP level 8. HP: 3/63 MP: 4/10
  4012 | D:6      | Found a sand-covered staircase.
  4017 | Ossuary  | Entered an ossuary
  4023 | Ossuary  | Learned a level 4 spell: Summon Lightning Spire
  4094 | Ossuary  | Reached skill level 6 in Summonings
  4130 | Ossuary  | Reached ** piety under Wu Jian
  4197 | D:6      | Gained mutation: Your flesh is cold resistant. (rC+)
                  | [potion of mutation]
  4197 | D:6      | Gained mutation: Your flesh is very cold resistant. (rC++)
                  | [potion of mutation]
  4197 | D:6      | Gained mutation: Your muscles are strong. (Str +4, Int/Dex
                  | -1) [potion of mutation]
  4302 | D:6      | Reached skill level 5 in Unarmed Combat
  4446 | D:6      | Reached XP level 9. HP: 64/74 MP: 11/11
  4775 | D:6      | Found a burning altar of Makhleb.
  4778 | D:6      | Found a stormy altar of Qazlal.
  4910 | D:7      | Noticed Joseph
  4927 | D:7      | Killed Joseph
  5294 | D:7      | Reached skill level 7 in Summonings
  5335 | D:7      | Reached skill level 5 in Shapeshifting
  5633 | D:8      | Noticed Maurice
  5634 | D:8      | Maurice changed into Maurice the ice beast
  5634 | D:8      | Noticed Maurice
  5646 | D:8      | Killed Maurice the ice beast
  5647 | D:8      | Reached skill level 5 in Throwing
  5676 | D:8      | Noticed Maggie
  5696 | D:8      | Killed Maggie
  5834 | D:8      | Reached *** piety under Wu Jian
  5879 | D:8      | Noticed Psyche
  5945 | D:8      | Killed Psyche
  5946 | D:8      | Reached XP level 10. HP: 81/81 MP: 9/12
  6026 | D:8      | Noticed Jeremiah
  6065 | D:8      | Killed Jeremiah
  6122 | D:8      | Found Zoix's Magic Scroll Shop.
  6721 | D:9      | Killed from afar by an acid dragon

Illustrated notes

Levels and vault maps discovered:
D:1:      hellmonk_arrival_library, layout_rooms
D:2:      layout_loops_cross
D:3:      layout_rooms
D:4:      layout_loops_ring, nicolae_overflow_squiral, uniq_sigmund,
          uniq_grinder
D:5:      layout_basic, mainiacjoe_overflow_alcove_1, okawaru_altar_gauntlet_db,
          minmay_temple_entry_statues
D:6:      layout_loops_ring, nicolae_overflow_hidden_temple, enter_ossuary_2,
          minmay_fractal_squares_5
D:7:      layout_basic, uniq_joseph
D:8:      layout_basic, serial_shops, shop, uniq_maggie, uniq_psyche,
          uniq_maurice, uniq_jeremiah
D:9:      layout_stronghold, minmay_lair_entry_grove, serial_shops,
          nicolae_shop_real_fake_doors, shop

Skill      XL: |  1  2  3  4  5  6  7  8  9 |
---------------+----------------------------+-----
Dodging        | 2 |  2.0
Summonings     | 3 4 5 6 7 |  7.9
Spellcasting   | 2 |  2.0
Unarmed Combat | 1 2 3 5 6 |  6.6
Throwing       | 1 2 3 4 5 |  5.7
Shapeshifting  | 1 2 3 4 5 |  5.8
Stealth        | |  1.0

Action                     |  1- 3 |  4- 6 |  7- 9 | 10-12 || total
---------------------------+-------+-------+-------+-------++-------
  Melee: Unarmed           |   153 |   135 |   383 |    64 ||   735
         Punch             |       |     3 |    18 |     4 ||    25
   Cast: Summon Small Mamm |     4 |     2 |       |       ||     6
         Call Canine Famil |       |     7 |     9 |     2 ||    18
         Summon Lightning  |       |       |     4 |     3 ||     7
Ability: Lunge             |       |     4 |    25 |     4 ||    33
         Whirlwind         |       |       |    50 |    19 ||    69
  Evoke: Wand              |       |       |     4 |       ||     4
    Use: Potion            |       |     2 |     2 |       ||     4
         Scroll            |       |       |    14 |       ||    14
   Stab: Sleeping          |     2 |     3 |     3 |       ||     8
         Distracted        |       |       |     2 |       ||     2
 Armour: Robe              |   130 |   100 |   222 |       ||   452
         Skin              |       |     8 |     5 |       ||    13
         Steam dragon scal |       |       |    35 |    40 ||    75
  Dodge: Dodged            |   128 |    62 |   185 |    23 ||   398

Table legend: (Time is in decaauts)
 A = Elapsed time spent in this place.
 B = Non-inter-level travel time spent in this place.
 C = Inter-level travel time spent in this place.
 D = Time resting spent in this place.
 E = Time spent auto-exploring this place.
 F = Levels seen in this place.
 G = Mean time per level.
                   A        B        C        D        E       F      G
               +--------+--------+--------+--------+--------+-----+--------+
         Total |   6670 |   6392 |    278 |     75 |   4447 |  10 |  667.0 |
       Dungeon |   6497 |   6219 |    278 |     75 |   4447 |   9 |  721.9 |
       Ossuary |    173 |    173 |      0 |      0 |      0 |   1 |  173.0 |
               +--------+--------+--------+--------+--------+-----+--------+

Top non-repeatable levels by time:
     D:5: 1181 daAuts
     D:8: 1059 daAuts
     D:6: 946 daAuts
     D:4: 925 daAuts
     D:7: 743 daAuts
     D:2: 689 daAuts
     D:3: 471 daAuts
     D:1: 468 daAuts
 Ossuary: 173 daAuts
     D:9: 10 daAuts
